 Dungeon Crawl Stone Soup version 0.21.1-68-g103a7afc0a (webtiles) character file.

203 SacredBeard the Skirmisher (level 6, -2/49 HPs)
             Began as a Human Berserker on Aug 3, 2018.
             Was a Believer of Trog.
             Slain by Duvessa
             ... wielding a +0 short sword
              (7 damage)
             ... on level 4 of the Dungeon.
             The game lasted 00:12:48 (3492 turns).

SacredBeard the Skirmisher (Human Berserker)        Turns: 3492, Time: 00:12:49

Health: -2/49      AC:  4    Str: 17    XL:     6   Next: 8%
Magic:  6/6        EV: 13    Int:  8    God:    Trog [**....]
Gold:   163        SH:  0    Dex: 14    Spells: 5/5 levels left

rFire    . . .     SeeInvis .   m - +0 short sword (curse)
rCold    . . .     Gourm    .   (no shield)
rNeg     . . .     Faith    .   p - +0 leather armour
rPois    .         Spirit   .   (no helmet)
rElec    .         Reflect  .   d - +0 cloak (curse)
rCorr    .         Harm     .   (no gloves)
MR       .....                  (no boots)
Stlth    +.........             (no amulet)
HPRegen  0.16/turn              (no ring)
MPRegen  0.10/turn              (no ring)

@: berserk cooldown, slowed, very slow
A: no striking features
a: Berserk, Trog's Hand, Burn Spellbooks, Renounce Religion


You were on level 4 of the Dungeon.
You worshipped Trog.
Trog was pleased with you.
You were very hungry.

You visited 1 branch of the dungeon, and saw 4 of its levels.

You collected 163 gold pieces.

Inventory:

Hand Weapons
 a - a +1 short sword
 m - a cursed +0 short sword (weapon)
Armour
 d - a cursed +0 cloak (worn)
 p - a +0 leather armour (worn)
 t - a +2 cloak of poison resistance
Jewellery
 e - an uncursed ring of ice
Scrolls
 b - a scroll of teleportation
 f - 3 scrolls of remove curse {unknown}
 g - 2 scrolls of noise
 h - 3 scrolls of identify
 l - a scroll of blinking {unknown}
 n - a scroll of enchant armour
Potions
 j - 2 potions of lignification {unknown}
 k - 4 potions of haste {unknown}
 o - 2 potions of degeneration {unknown}
Comestibles
 c - 4 rations
 i - 4 chunks of flesh


   Skills:
 * Level 4.5 Fighting
 + Level 4.2 Short Blades
 + Level 2.1 Armour
 * Level 3.5 Dodging


You had 5 spell levels left.
You didn't know any spells.

Dungeon Overview and Level Annotations

Branches:
Dungeon (4/15)
 Temple: D:4-7

Altars:

Annotations:
D:4 Dowan, Duvessa, Sigmund


Message History

* * * LOW HITPOINT WARNING * * *
Dowan casts a spell.
Dowan blinks!
Duvessa hits you but does no damage. Dowan gestures at you while chanting.
You resist with some effort. Duvessa hits you but does no damage.
Dowan completely misses you. Duvessa misses you.
Dowan is no longer unusually agile.
Duvessa hits you but does no damage. Duvessa closely misses you.
Dowan gestures at Duvessa while chanting.
Duvessa seems to speed up.
Duvessa closely misses you. Duvessa hits you with a short sword.
* * * LOW HITPOINT WARNING * * *
Sigmund appears from thin air!
Reactivating autopickup.
Duvessa closely misses you. Duvessa completely misses you.
Duvessa hits you with a short sword.
* * * LOW HITPOINT WARNING * * *
Duvessa hits you with a short sword!
You die...

### #.. # #.#
.#
###.######.###
# #.....>#..^
.#.###
#.#.##.#.#
.#... #o##...#
...
#.####<###)#
#.# #.@e.)#
#.######e###
#..o.@...#
##########


You could see Duvessa and Dowan.

Vanquished Creatures
  Crazy Yiuf (D:2)
  An orc wizard (D:4)
  5 adders
  2 oozes (D:1)
  3 dart slugs (D:1)
  A leopard gecko (D:1)
  4 orcs
  2 ball pythons (D:1)
  6 giant cockroaches
  10 goblins
  6 hobgoblins
  6 jackals
  2 quokkas
  9 bats
  A frilled lizard (D:1)
  9 kobolds
  7 rats
  A fungus (D:2)
76 creatures vanquished.

Notes
Turn   | Place    | Note
-------+----------+-------------------------------------------
     0 | D:1      | SacredBeard the Human Berserker began the quest for the Orb.
     0 | D:1      | Reached XP level 1. HP: 18/18 MP: 1/1
    55 | D:1      | Reached XP level 2. HP: 20/24 MP: 2/2
   243 | D:1      | Reached XP level 3. HP: 18/29 MP: 3/3
   780 | D:1      | Reached ** piety under Trog
  1066 | D:1      | Reached XP level 4. HP: 31/37 MP: 4/4
  1553 | D:1      | You fall through a shaft!
  2770 | D:2      | Found a runed door.
  2774 | D:2      | Noticed Crazy Yiuf
  2781 | D:2      | Killed Crazy Yiuf
  2781 | D:2      | Reached XP level 5. HP: 42/42 MP: 5/5
  3448 | D:4      | Noticed Sigmund
  3457 | D:4      | Reached XP level 6. HP: 49/49 MP: 6/6
  3461 | D:4      | Noticed Dowan
  3463 | D:4      | Noticed Duvessa
  3492 | D:4      | Slain by Duvessa

Skill      XL: |  1  2  3  4  5 |
---------------+----------------+-----
Fighting       | 4 |  4.5
Dodging        | 3 |  3.5
Short Blades   | 4 |  4.2
Armour         | |  2.1

Action                   |  1- 3 |  4- 6 || total
-------------------------+-------+-------++-------
Melee: Short sword       |   131 |   200 ||   331
Invok: Berserk           |     1 |     3 ||     4
  Use: Scroll            |       |     8 ||     8
  Eat: Chunk             |     1 |     6 ||     7
       Ration            |       |     1 ||     1
Armor: Animal skin       |    25 |    10 ||    35
       Leather armour    |       |    41 ||    41
Dodge: Dodged            |   110 |   133 ||   243
